 Dungeon Crawl Stone Soup version 0.24.0-35-gdb84b6a5db (webtiles) character file.

Game seed: 250636272843154415, levelgen mode: deterministic

233940 DildoBatman the Earth Mage (level 20, -9/147 HPs)
             Began as a Formicid Wizard on Nov 17, 2019.
             Was an Initiate of Gozag.
             Killed from afar by a nagaraja (36 damage)
             ... with a poison arrow
             ... on level 4 of the Snake Pit.
             The game lasted 02:35:35 (33981 turns).

DildoBatman the Earth Mage (Formicid Wizard)       Turns: 33981, Time: 02:35:35

Health: -9/147     AC: 18    Str: 23    XL:     20   Next: 37%
Magic:  33/41      EV: 17    Int: 25    God:    Gozag
Gold:   4804       SH: 23    Dex: 17    Spells: 19/53 levels left

rFire    . . .     SeeInvis +   b - +5 arbalest of Prudence {elec, rElec MR+ Dex+4}
rCold    + . .     Gourm    .   f - +2 large shield {rC+}
rNeg     . . .     Faith    .   o - +4 troll leather armour
rPois    .         Spirit   .   (helmet unavailable)
rElec    +         Reflect  .   T - +2 cloak
rCorr    .         Harm     .   i - +0 pair of gloves
MR       +++..     Clarity  +   d - +2 pair of boots {Stlth+}
Stlth    +++.......             m - amulet of magic regeneration
HPRegen  0.74/turn              S - +5 ring of strength
MPRegen  0.52/turn              M - ring of wizardry

@: lethally poisoned (-9 -> -71)
A: permanent stasis, dig shafts and tunnels, four strong arms, antennae 3, agile
2, clarity, strong 2, wild magic 1
}: 1/15 runes: barnacled
a: Dig, Shaft Self, Potion Petition, Call Merchant, Bribe Branch, Renounce
Religion


You were on level 4 of the Snake Pit.
You worshipped Gozag.
Gozag was most pleased with you.
You were not hungry.

You visited 6 branches of the dungeon, and saw 32 of its levels.
You also visited: Sewer, Ice Cave and Volcano.

You collected 9509 gold pieces.
You spent 2751 gold pieces at shops.
You paid 1954 gold pieces to Gozag.

Inventory:

Hand Weapons
 a - the +10 halberd of a bazaar {chop, +Rage Str+3 SInv Stlth+}
   (You took it off a merfolk javelineer on level 4 of the Shoals)

   It inflicts extra damage upon your enemies.
   It affects your strength (+3).
   It lets you see invisible.
   It lets you go berserk.
   It makes you more stealthy.
 b - the +5 arbalest of Prudence (weapon) {elec, rElec MR+ Dex+4}
   (You found it on level 1 of the Lair of Beasts)

   It charges the ammunition it shoots with electricity; occasionally upon a
   hit, such missiles may discharge and cause terrible harm.
   It affects your dexterity (+4).
   It insulates you from electricity.
   It affects your resistance to hostile enchantments.
 c - the +6 hand axe "Hellblazer" {venom, rF+ SInv}
   (You found it on level 5 of the Dungeon)

   It poisons the flesh of those it strikes.
   It protects you from fire.
   It lets you see invisible.
 P - the +10 flail of Faqiewk {speed, +Fly rC- MP+9 Dex+4}
   (You found it on level 5 of the Lair of Beasts)

   Attacks with this weapon are significantly faster.
   It affects your dexterity (+4).
   It makes you vulnerable to cold.
   It affects your magic capacity (+9).
   It lets you fly.
 U - the +10 mace "Ulodeof" {venom, rC+ MR++ Str-4 Dex+4}
   (You found it on level 4 of the Shoals)

   It poisons the flesh of those it strikes.
   It affects your strength (-4).
   It affects your dexterity (+4).
   It protects you from cold.
   It affects your resistance to hostile enchantments.
Missiles
 e - 4 throwing nets
 n - 111 sling bullets
 t - 267 arrows
 y - 107 silver javelins
 O - 328 bolts (quivered)
 V - 7 javelins
Armour
 d - a +2 pair of boots of stealth (worn)
 f - a +2 large shield of cold resistance (worn)
 i - a +0 pair of gloves (worn)
 o - a +4 troll leather armour (worn)
 A - the +1 pair of boots of the Crypt {rElec}
   (You found it on level 2 of the Snake Pit)

   It insulates you from electricity.
 T - a +2 cloak (worn)
Magical Staves
 s - an uncursed staff of wizardry
Jewellery
 m - an amulet of magic regeneration (around neck)
 M - a ring of wizardry (right hand)
 S - a +5 ring of strength (left hand)
Wands
 E - a wand of acid (13)
 F - a wand of clouds (7)
 J - a wand of iceblast (27)
Scrolls
 h - a scroll of vulnerability {unknown}
 k - a scroll of amnesia
 p - 2 scrolls of fog
 u - 2 scrolls of summoning
 x - 12 scrolls of remove curse
 z - a scroll of identify
 C - 3 scrolls of magic mapping
 D - a scroll of brand weapon {unknown}
 I - 4 scrolls of enchant armour
 L - 4 scrolls of fear
 R - 5 scrolls of immolation
 X - a scroll of torment {unknown}
 Y - a scroll of silence {unknown}
 Z - a scroll of enchant weapon
Potions
 j - 4 potions of agility
 l - a potion of mutation
 q - 2 potions of magic
 r - 15 potions of brilliance
 w - 3 potions of resistance
 G - a potion of invisibility
 H - 5 potions of might
 K - 6 potions of curing
 N - 3 potions of heal wounds
 Q - 6 potions of ambrosia
 W - a potion of cancellation
Miscellaneous
 g - a phial of floods (inert)
 B - a phantom mirror
Comestibles
 v - 16 rations


   Skills:
 - Level 10.0 Fighting
 - Level 10.0 Armour
 - Level 8.0 Dodging
 - Level 2.4 Stealth
 - Level 15.0 Shields
 - Level 17.0 Spellcasting
 - Level 6.1 Conjurations
   Level 1.0 Summonings
 * Level 13.6 Necromancy
   Level 0.8 Translocations
 - Level 5.0 Fire Magic
 - Level 5.1 Air Magic
 - Level 18.0 Earth Magic


You had 19 spell levels left.
You knew the following spells:

 Your Spells              Type           Power        Failure   Level  Hunger
a - Conjure Flame         Conj/Fire      ######..     1%          3    None
b - Borgnjor's Vile Clut  Necr/Erth      #######...   1%          5    None
c - Bolt of Draining      Conj/Necr      #######...   1%          5    None
d - Regeneration          Chrm/Necr      ######....   1%          3    None
e - Mephitic Cloud        Conj/Pois/Air  ######..     1%          3    None
f - Vampiric Draining     Necr           #######...   1%          3    None
g - Bolt of Magma         Conj/Fire/Erth ######....   1%          5    None
h - Dispel Undead         Necr           #######.     1%          5    None
z - Sublimation of Blood  Necr           #######...   1%          2    None

Your spell library contained the following spells:

 Spells                   Type           Power        Failure   Level  Hunger
 Animate Skeleton         Necr           N/A          1%          1    None
 Beastly Appendage        Tmut           ####..       1%          1    None
 Confusing Touch          Hex            ####..       1%          1    None
 Flame Tongue             Conj/Fire      #####        1%          1    None
 Magic Dart               Conj           ####         1%          1    None
 Pain                     Necr           ####         1%          1    None
 Sandblast                Erth           ######       1%          1    None
 Sting                    Conj/Pois      ####         1%          1    None
 Call Imp                 Summ           ####....     1%          2    None
 Poisonous Vapours        Pois/Air       #####.       1%          2    None
 Swiftness                Chrm/Air       #####...     1%          2    None
 Throw Flame              Conj/Fire      ######       1%          2    None
 Inner Flame              Hex/Fire       #####...     1%          3    None
 Stone Arrow              Conj/Erth      ######       1%          3    None
 Animate Dead             Necr           N/A          1%          4    None
 Leda's Liquefaction      Hex/Erth       ######....   1%          4    None
 Petrify                  Tmut/Erth      ######..     1%          4    None
 Sticky Flame             Conj/Fire      ######..     1%          4    None
 Agony                    Necr           #######.     1%          5    None
 Iron Shot                Conj/Erth      #######...   1%          6    ####...
 Slow                     Hex            ####....     2%          2    None
 Sticks to Snakes         Tmut           ####....     2%          2    None
 Gell's Gravitas          Tloc           ####......   3%          3    None
 Confuse                  Hex            ####....     4%          3    None
 Spider Form              Tmut/Pois      ####......   4%          3    None
 Force Lance              Conj/Tloc      ######..     4%          4    None
 Fireball                 Conj/Fire      ######....   4%          5    None
 Statue Form              Tmut/Erth      ######...    6%          6    ####...
 Venom Bolt               Conj/Pois      #####.....   12%         5    None
 Ice Form                 Ice/Tmut       ####....     14%         4    None
 Olgreb's Toxic Radiance  Pois           ####....     14%         4    None
 Simulacrum               Ice/Necr       ######....   14%         6    ####...
 Borgnjor's Revivificati  Necr           #######...   32%         8    #######
 Infestation              Necr           #######...   32%         8    #######
 Blade Hands              Tmut           ####......   34%         5    None
 Metabolic Englaciation   Hex/Ice        ####......   34%         5    None
 Yara's Violent Unravell  Hex/Tmut       ####......   34%         5    None
 Haunt                    Necr/Summ      ######....   47%         7    #####..
 Deflect Missiles         Chrm/Air       #####.....   54%         6    ####...
 Shatter                  Erth           #######...   58%         9    #######
 Ring of Flames           Chrm/Fire      #####.....   97%         7    #####..
 Malign Gateway           Summ/Tloc      ####......   99%         7    #####..
 Death's Door             Chrm/Necr      ######....   99%         8    #######
 Necromutation            Tmut/Necr      ######....   99%         8    #######
 Dragon's Call            Summ           ####......   100%        9    #######
 Blink                    Tloc           Unusable     N/A         2    N/A

Dungeon Overview and Level Annotations

Branches:
Dungeon (15/15)            Temple (1/1) D:7            Lair (6/6) D:8
 Shoals (4/4) Lair:4        Snake (4/4) Lair:3        Slime (0/5) Lair:5
    Orc (2/2) D:9             Elf (0/3) Orc:2        Vaults (0/5) D:13
 Depths (0/5) D:15          Sewer (visited)           IceCv (visited)
Volcano (visited)

Altars:
Ashenzari
Cheibriados
Dithmenos
Elyvilon
Fedhas
Gozag
Hepliaklqana
Kikubaaqudgha
Makhleb
Nemelex Xobeh
Okawaru
Qazlal
Ru
Sif Muna
Trog
Uskayaw
Vehumet
Wu Jian
Xom
Yredelemnul
Zin
The Shining One
Beogh
Jiyva

Shops:
D:15 !   Orc:1 [   Orc:2 :%}[*   Shoals:1 %   Snake:1 =   Snake:3 =::


Innate Abilities, Weirdness & Mutations

You cannot be hasted, slowed, berserked, paralysed or teleported.
You can dig through walls and to a lower floor.
Your four strong arms can wield two-handed weapons with a shield.
You have a pair of large antennae on your head. (SInv)
You are very agile. (Dex +4)
You possess an exceptional clarity of mind.
Your muscles are very strong. (Str +4)
Your spells are a little harder to cast, but a little more powerful.


Message History

The nagaraja casts a spell at you. The poison arrow hits you!!
You are more poisoned.
The nagaraja struggles to escape constriction.
Firing (i - inventory. (/) - cycle)
O - 329 bolts (quivered)
Press: ? - help, Shift-Dir - straight line, f/p - nagaraja
Aim: a nagaraja, wearing a +0 robe (moderately wounded, fast, constricted by zombie hands)
You shoot a bolt. The bolt hits the nagaraja!!
The nagaraja is severely wounded.
The zombie hands constrict the nagaraja!
You feel extremely sick. The nagaraja casts a spell at you.
The poison arrow hits you!!!
You are more poisoned.
The nagaraja gestures at you while chanting.
The poison arrow hits you!!!
You are more poisoned.
You die...
Your body crumbles into a pile of gold.

....#.######.
+....####..)##.....
....'........
#...## #...)'.....
...##.###### ##.##
#.####....# ..###.#
#+# #.# ##..##
..###.### #.# #.#
##'# ...##...#
#.######.### #.#
....'...#
#.)))......####)#
....#.###
#)######.#....).#
....#.# #@#
#...###..# #####.#
#.$$$.# ##.## ##.#
#.....# #.$$$$..#
#.# #.# ..###.#
#.$$(($$.# #.# #.#
### ### #...##$$$##
### ### ..... $(.(.
..N. (..... { ....
......# {


You could see a nagaraja.

Vanquished Creatures
  Polyphemus (Shoals:3)
  2 krakens (Shoals:2)
  Frances (Shoals:1)
  Agnes (Snake:4)
  A fire giant (D:12)
  Roxanne (Snake:4)
  Ilsuiw (Shoals:3)
  9 nagarajas
  2 frost giants
  6 dire elephants (Lair:6)
  A spark wasp (shapeshifter) (D:15)
  6 merfolk javelineers
  10 merfolk impalers
  Snorg (D:12)
  A fire dragon (Volcano)
  A vault guard (D:13)
  2 ogre magi
  Erolcha (Orc:1)
  9 hydras
  12 naga warriors
  4 centaur warriors
  A catoblepas (Shoals:3)
  2 alligator snapping turtles
  A death knight (D:14)
  8 anacondas
  13 two-headed ogres
  16 death yaks
  2 tengu warriors
  Erica (D:9)
  4 orc high priests (Orc:2)
  10 shock serpents
  Urug (Orc:2)
  19 naga sharpshooters
  A shock serpent (shapeshifter) (D:15)
  2 salamander mystics (Snake:4)
  5 skeletal warriors (D:15)
  An unseen horror (D:11)
  9 sea snakes
  7 naga ritualists
  A glowing orange brain (D:15)
  3 wizards
  11 harpies
  A phantasmal warrior (D:13)
  A necromancer (D:13)
  2 orc knights
  17 manticores
  13 ugly things
  A deep elf mage (D:13)
  16 mana vipers
  An orc sorcerer (Orc:2)
  A cyclops (shapeshifter) (D:11)
  7 fauns
  12 salamanders
  6 cyclopes
  4 elephants (Lair:6)
  Maurice (D:9)
  6 water nymphs
  34 black mambas
  13 merfolk sirens
  2 ice statues (IceCv)
  The ghost of Nattfarinn the Firebug, a novice OgFE (D:5)
  22 naga magi
  3 death yak zombies (Lair:6)
  5 gargoyles
  3 rime drakes
  6 komodo dragons
  A catoblepas zombie (Lair:6)
  14 spiny frogs
  A freezing wraith (D:15)
  A catoblepas skeleton (Lair:5)
  An efreet (D:15)
  3 hydra zombies (Lair:6)
  3 meliai (D:14)
  24 merfolk
  10 trolls
  12 polar bears
  4 wind drakes
  5 blink frogs (Lair:5)
  A hippogriff (shapeshifter) (D:15)
  A hornet (D:12)
  12 hippogriffs
  2 hydra skeletons
  17 slime creatures
  6 dream sheep
  A harpy skeleton (D:15)
  9 snapping turtles
  8 wyverns
  A shadow (D:15)
  5 black mamba zombies
  7 water elementals
  A wraith (D:14)
  4 hogs (D:10)
  2 vampires
  3 basilisks
  36 yaks
  6 fire bats (Volcano)
  21 humans
  4 black mamba skeletons
  Grum (Lair:1)
  3 hungry ghosts
  3 vampire mosquitoes (D:13)
  3 steam dragons
  Menkaure (D:7)
  An acid dragon (shapeshifter) (D:15)
  3 wargs
  37 nagas
  A soldier ant (D:13)
  Duvessa (D:6)
  11 water moccasins
  9 porcupines
  2 spiny frog skeletons (Lair:6)
  3 spiny frog zombies
  3 slaves (D:7)
  2 black bears
  27 orc warriors
  3 dream sheep zombies
  An ice beast (D:5)
  An elf zombie (D:12)
  3 lindwurm zombies (Volcano)
  23 ogres
  33 wolves
  10 crocodiles
  A dream sheep skeleton (Lair:6)
  6 centaurs
  9 big kobolds
  A hippogriff zombie (Lair:5)
  3 salamander zombies (Volcano)
  A komodo dragon zombie (Lair:3)
  A komodo dragon skeleton (Lair:6)
  16 bullfrogs
  A cyclops zombie (D:12)
  2 water moccasin zombies
  6 scorpions
  Dowan (D:7)
  2 water moccasin skeletons
  2 yak zombies
  15 killer bees
  4 wights (D:12)
  5 howler monkeys
  An electric eel (Lair:1)
  2 bullfrog zombies
  5 crimson imps
  3 centaur zombies
  A quasit (D:11)
  A jelly (shapeshifter) (D:15)
  A jelly (D:5)
  35 orc wizards
  A bullfrog skeleton (D:12)
  6 centaur skeletons
  30 orc priests
  7 hounds
  A black bear skeleton (Lair:5)
  2 iguanas
  8 worker ants
  2 porcupine zombies
  A killer bee zombie (D:10)
  3 crocodile zombies
  A hound zombie (D:5)
  2 crocodile skeletons
  2 hound skeletons
  A howler monkey zombie (D:7)
  24 adders
  4 gnolls (D:4)
  3 river rats
  2 shadow imps
  6 oozes
  7 worms
  6 leopard geckos
  79 orcs
  5 ball pythons
  3 bats
  8 giant cockroaches
  6 goblins (D:1)
  7 hobgoblins
  6 jackals (D:9)
  4 quokkas
  8 frilled lizards
  13 kobolds
  12 rats
  7 bushes (D:15)
  7 fungi
  32 plants
1221 creatures vanquished.

Vanquished Creatures (collateral kills)
  A nagaraja (Snake:4)
  A naga mage (Snake:4)
  An orc (D:7)
3 creatures vanquished.

Vanquished Creatures (others)
  A kraken (Shoals:3)
  Pikel (D:7)
  A slave (D:7)
  A killer bee (D:9)
  A kobold (D:7)
  2 bushes (D:15)
  6 fungi
  19 plants
  35 tentacles
67 creatures vanquished.

Grand Total: 1291 creatures vanquished

Notes
Turn   | Place    | Note
-------+----------+-------------------------------------------
     0 | D:1      | DildoBatman the Formicid Wizard began the quest for the
                  | Orb.
     0 | D:1      | Reached XP level 1. HP: 13/13 MP: 4/4
     3 | D:1      | Reached skill level 1 in Conjurations
   245 | D:1      | Reached XP level 2. HP: 19/19 MP: 4/6
  1184 | D:2      | Reached XP level 3. HP: 24/24 MP: 5/7
  1189 | D:2      | Learned a level 3 spell: Conjure Flame
  1193 | D:2      | Learned a level 3 spell: Mephitic Cloud
  1573 | D:2      | Reached XP level 4. HP: 27/30 MP: 1/8
  2782 | D:3      | Found a stormy altar of Qazlal.
  2866 | D:3      | Reached XP level 5. HP: 35/35 MP: 2/9
  3404 | D:4      | Noticed an ogre
  3495 | D:3      | Killed an ogre
  3495 | D:3      | Reached skill level 5 in Conjurations
  3495 | D:3      | Reached XP level 6. HP: 41/41 MP: 2/10
  3582 | D:4      | Noticed an ogre
  3613 | D:4      | Killed an ogre
  3731 | D:4      | Found a glowing drain.
  3775 | Sewer    | Entered a sewer
  3941 | Sewer    | Reached XP level 7. HP: 46/46 MP: 1/11
  4250 | Sewer    | Reached skill level 1 in Fire Magic
  4250 | Sewer    | Reached skill level 1 in Air Magic
  4487 | Sewer    | Reached XP level 8. HP: 44/52 MP: 1/12
  5398 | D:5      | Entered Level 5 of the Dungeon
  5541 | D:5      | Got a crude hand axe
  5542 | D:5      | Identified the +6 hand axe "Hellblazer" {venom, rF+ SInv}
                  | (You found it on level 5 of the Dungeon)
  5579 | D:5      | Noticed Nattfarinn's ghost (novice OgFE)
  5579 | D:5      | Identified the +1 dire flail "Nupitemm" {flame, rN+}
  5580 | D:5      | Found a transporter.
  5580 | D:5      | Found a transporter.
  5844 | D:5      | Reached skill level 5 in Fire Magic
  6071 | D:5      | Reached XP level 9. HP: 52/57 MP: 9/13
  6187 | D:6      | Reached skill level 5 in Air Magic
  6353 | D:6      | Reached skill level 5 in Spellcasting
  6599 | D:7      | Noticed Duvessa
  6599 | D:7      | Noticed Dowan
  6852 | D:7      | Noticed Menkaure
  6886 | D:7      | Noticed Pikel
  7124 | D:7      | Found a staircase to the Ecumenical Temple.
  7136 | Temple   | Entered the Ecumenical Temple
  7364 | Temple   | Became a worshipper of Kikubaaqudgha
  7426 | D:7      | Killed Menkaure
  7648 | D:6      | Killed Duvessa
  7779 | D:5      | Reached skill level 1 in Fighting
  7779 | D:5      | Reached skill level 1 in Armour
  7874 | D:7      | Killed Dowan
  7874 | D:7      | Reached XP level 10. HP: 62/67 MP: 17/21
  7944 | D:7      | Killed Pikel
  8168 | D:7      | Reached * piety under Kikubaaqudgha
  8168 | D:7      | Identified Kikubaaqudgha's Grimoire of Unholy Magic
                  | (Kikubaaqudgha gifted it to you on level 7 of the Dungeon)
  8168 | D:7      | Received a gift from Kikubaaqudgha
  8173 | D:7      | Learned a level 2 spell: Sublimation of Blood
  8177 | D:7      | Learned a level 3 spell: Vampiric Draining
  8306 | D:7      | Reached skill level 1 in Necromancy
  8809 | D:8      | Found a staircase to the Lair.
  9114 | D:9      | Noticed a two-headed ogre
  9131 | D:9      | Killed a two-headed ogre
  9136 | D:9      | Noticed Maurice
  9164 | D:9      | Killed Maurice
  9234 | D:9      | Noticed Erica
  9245 | D:9      | Killed Erica
  9245 | D:9      | Reached XP level 11. HP: 63/72 MP: 10/22
  9252 | D:9      | Reached ** piety under Kikubaaqudgha
  9339 | D:9      | Found a staircase to the Orcish Mines.
  9763 | D:10     | Entered Level 10 of the Dungeon
  9876 | D:10     | Noticed a red ugly thing
 10265 | D:10     | Killed a red ugly thing
 10444 | D:10     | Reached *** piety under Kikubaaqudgha
 10444 | D:10     | Identified Kikubaaqudgha's Grimoire of Evil Secrets
                  | (Kikubaaqudgha gifted it to you on level 10 of the Dungeon)
 10444 | D:10     | Received a gift from Kikubaaqudgha
 10452 | D:10     | Learned a level 5 spell: Borgnjor's Vile Clutch
 10458 | D:10     | Learned a level 5 spell: Dispel Undead
 10514 | D:10     | Reached skill level 1 in Earth Magic
 10753 | D:10     | Reached skill level 2 in Earth Magic
 10901 | D:11     | Reached skill level 3 in Earth Magic
 10986 | D:11     | Noticed a two-headed ogre
 11012 | D:11     | Killed a two-headed ogre
 11012 | D:11     | Reached skill level 4 in Earth Magic
 11017 | D:11     | Reached skill level 5 in Earth Magic
 11077 | D:11     | Found a bloodstained altar of Trog.
 11111 | D:11     | Noticed a brown ugly thing
 11121 | D:11     | Noticed an unseen horror
 11177 | D:11     | Killed a brown ugly thing
 11177 | D:11     | Reached skill level 6 in Earth Magic
 11224 | D:11     | Noticed a red ugly thing
 11236 | D:11     | Killed a red ugly thing
 11257 | D:11     | Reached skill level 7 in Earth Magic
 11257 | D:11     | Reached XP level 12. HP: 26/83 MP: 12/23
 11280 | D:11     | Noticed an unseen horror
 11280 | D:11     | a komodo dragon changed into an unseen horror
 11293 | D:11     | an unseen horror changed into a black mamba
 11322 | D:11     | Noticed a centaur warrior
 11333 | D:11     | Killed a centaur warrior
 11333 | D:11     | Reached skill level 8 in Earth Magic
 11381 | D:11     | Reached skill level 9 in Earth Magic
 11675 | D:11     | Killed an unseen horror
 11754 | Orc:1    | Entered Level 1 of the Orcish Mines
 11814 | Orc:1    | Reached **** piety under Kikubaaqudgha
 11845 | Orc:1    | Noticed Erolcha
 11869 | Orc:1    | Killed Erolcha
 11869 | Orc:1    | Reached skill level 10 in Earth Magic
 12130 | Orc:1    | Found a roughly hewn altar of Beogh.
 12249 | Orc:1    | Noticed an ogre mage
 12257 | Orc:1    | Noticed a two-headed ogre
 12259 | Orc:1    | Noticed a two-headed ogre
 12284 | Orc:1    | Killed a two-headed ogre
 12284 | Orc:1    | Reached skill level 5 in Fighting
 12284 | Orc:1    | Reached skill level 5 in Armour
 12284 | Orc:1    | Reached skill level 10 in Necromancy
 12309 | Orc:1    | Killed a two-headed ogre
 12319 | Orc:1    | Killed an ogre mage
 12319 | Orc:1    | Reached skill level 5 in Dodging
 12494 | Orc:2    | Entered Level 2 of the Orcish Mines
 12530 | Orc:2    | Found Ago Kyott's Book Shop.
 12554 | Orc:2    | Noticed Urug
 12600 | Orc:2    | Killed Urug
 12668 | Orc:2    | Reached XP level 13. HP: 76/92 MP: 19/24
 13164 | Orc:2    | Found a staircase to the Elven Halls.
 13285 | Orc:2    | Reached ***** piety under Kikubaaqudgha
 13432 | Orc:2    | HP: 3/98 [sixfirhy[an orc high priest] (12)]
 13579 | Orc:2    | Found Iqozoar's General Store.
 13579 | Orc:2    | Found Dush's Gadget Shoppe.
 13580 | Orc:2    | Found Havuduni's Food Shoppe.
 13583 | Orc:2    | Found Vozon's Armour Emporium.
 13586 | Orc:2    | Bought a scroll of magic mapping for 42 gold pieces
 13739 | Orc:2    | Bought a +2 pair of boots of stealth for 258 gold pieces
 13751 | Orc:2    | Bought a potion of brilliance for 48 gold pieces
 13751 | Orc:2    | Bought a scroll of identify for 24 gold pieces
 13752 | Orc:2    | Bought a wand of acid (8) for 312 gold pieces
 13821 | Orc:1    | Found Ewextec's Antique Armour Emporium.
 13853 | Orc:1    | Bought a shield for 121 gold pieces
 14056 | D:5      | Killed Nattfarinn's ghost
 14056 | D:5      | Reached skill level 1 in Shields
 14193 | Lair:1   | Entered Level 1 of the Lair of Beasts
 14501 | Lair:1   | Noticed Grum
 14508 | Lair:1   | Killed Grum
 14524 | Lair:1   | Got a jewelled arbalest
 14618 | Lair:1   | Noticed a seven-headed hydra
 14621 | Lair:1   | Identified the +5 arbalest of Prudence {elec, rElec MR+
                  | Dex+4} (You found it on level 1 of the Lair of Beasts)
 14627 | Lair:1   | Killed a seven-headed hydra
 14627 | Lair:1   | Reached skill level 5 in Shields
 14856 | Lair:2   | Found a shadowy altar of Dithmenos.
 14997 | Lair:2   | Noticed an eight-headed hydra
 15011 | Lair:2   | Killed an eight-headed hydra
 15215 | Lair:2   | You fall into a shaft and drop 2 floors!
 15239 | Lair:4   | Noticed an eight-headed hydra
 15240 | Lair:4   | Reached XP level 14. HP: 90/104 MP: 2/25
 15324 | Lair:4   | Found a frozen archway.
 15341 | IceCv    | Entered an ice cave
 15368 | IceCv    | Reached skill level 10 in Shields
 15533 | IceCv    | Noticed a frost giant
 15541 | IceCv    | Killed a frost giant
 15541 | IceCv    | Reached ****** piety under Kikubaaqudgha
 15542 | IceCv    | Received a gift from Kikubaaqudgha
 15543 | IceCv    | Fell from the grace of Kikubaaqudgha
 16060 | Lair:4   | Gained mutation: You are frail. (-10% HP) [potion of
                  | mutation]
 16060 | Lair:4   | Gained mutation: You possess an exceptional clarity of
                  | mind. [potion of mutation]
 16060 | Lair:4   | Gained mutation: You are dopey. (Int -2) [potion of
                  | mutation]
 16060 | Lair:4   | Lost mutation: You are dopey. (Int -2) [potion of mutation]
 16061 | Lair:4   | Lost mutation: You possess an exceptional clarity of mind.
                  | [potion of mutation]
 16061 | Lair:4   | Lost mutation: You are frail. (-10% HP) [potion of
                  | mutation]
 16061 | Lair:4   | Gained mutation: You have large cloven feet. [potion of
                  | mutation]
 16061 | Lair:4   | Gained mutation: You are dopey. (Int -2) [potion of
                  | mutation]
 16061 | Lair:4   | Gained mutation: You passively map a small area around you.
                  | [potion of mutation]
 16062 | Lair:4   | Lost mutation: You are dopey. (Int -2) [potion of mutation]
 16062 | Lair:4   | Lost mutation: You have large cloven feet. [potion of
                  | mutation]
 16062 | Lair:4   | Gained mutation: Your muscles are strong. (Str +2) [potion
                  | of mutation]
 16062 | Lair:4   | Gained mutation: Your muscles are very strong. (Str +4)
                  | [potion of mutation]
 16062 | Lair:4   | Gained mutation: Your spells are a little harder to cast,
                  | but a little more powerful. [potion of mutation]
 16062 | Lair:4   | Gained mutation: You are agile. (Dex +2) [potion of
                  | mutation]
 16063 | Lair:4   | Lost mutation: You passively map a small area around you.
                  | [potion of mutation]
 16063 | Lair:4   | Lost mutation: Your muscles are very strong. (Str +4)
                  | [potion of mutation]
 16063 | Lair:4   | Gained mutation: You possess an exceptional clarity of
                  | mind. [potion of mutation]
 16063 | Lair:4   | Gained mutation: Your muscles are very strong. (Str +4)
                  | [potion of mutation]
 16063 | Lair:4   | Gained mutation: You are very agile. (Dex +4) [potion of
                  | mutation]
 16286 | Temple   | Became a worshipper of Gozag Ym Sagoz the Greedy
 17854 | Lair:3   | Found a staircase to the Snake Pit.
 18141 | Lair:4   | Learned a level 5 spell: Bolt of Draining
 18312 | Lair:4   | Found a staircase to the Shoals.
 18912 | Lair:5   | Got a brightly glowing flail
 19237 | Lair:5   | Found a staircase to the Slime Pits.
 19237 | Lair:5   | Found a viscous altar of Jiyva.
 19730 | Lair:6   | Entered Level 6 of the Lair of Beasts
 19773 | Lair:6   | Reached XP level 15. HP: 96/109 MP: 17/26
 19794 | Lair:6   | Found a dark tunnel.
 19802 | Volcano  | Entered a volcano
 19813 | Volcano  | Reached skill level 15 in Shields
 20172 | Volcano  | Got a pair of transparent boots
 20405 | Lair:6   | Identified the +10 flail of Faqiewk {speed, +Fly rC- MP+9
                  | Dex+4} (You found it on level 5 of the Lair of Beasts)
 20422 | Lair:6   | Identified the +0 pair of boots "Vofiwkil" {Str-5 Dex+7}
                  | (You found it in a volcano)
 21616 | Lair:6   | Reached skill level 10 in Fighting
 21616 | Lair:6   | Reached skill level 10 in Armour
 21856 | Lair:6   | Found the +5 demon whip "Spellbinder" {antimagic, MR+}
 22267 | Lair:6   | Reached XP level 16. HP: 92/122 MP: 29/29
 22499 | Orc:2    | Bought a book of the Earth for 1040 gold pieces
 22588 | D:12     | Noticed Snorg
 22601 | D:12     | Killed Snorg
 22682 | D:12     | Was forgiven by Kikubaaqudgha
 22986 | D:12     | Got an ancient great sword
 22999 | D:12     | Identified the +10 great sword "Acig Ots" {slice, rN+} (You
                  | found it on level 12 of the Dungeon)
 23376 | D:12     | Noticed a fire giant
 23390 | D:12     | Killed a fire giant
 23673 | D:13     | Found a gate to the Vaults.
 23683 | D:13     | Reached skill level 11 in Earth Magic
 23704 | D:13     | Reached skill level 10 in Spellcasting
 23819 | D:13     | Got a warped scimitar
 23820 | D:13     | Identified the +7 scimitar "Paer" {drain, +Inv Int+2} (You
                  | found it on level 13 of the Dungeon)
 23989 | D:13     | Identified the +3 leather armour of Paranoia {Stlth+}
 24264 | D:13     | Identified the Papyrus of Dislocation and the Escort
 24390 | D:14     | Found a shadowy altar of Dithmenos.
 24404 | D:14     | Reached skill level 12 in Earth Magic
 24468 | D:14     | Learned a level 3 spell: Regeneration
 24474 | D:14     | Learned a level 5 spell: Bolt of Magma
 24799 | D:14     | You fall into a shaft and drop 1 floor!
 24799 | D:15     | Entered Level 15 of the Dungeon
 24839 | D:15     | Reached skill level 13 in Earth Magic
 24971 | D:15     | Reached XP level 17. HP: 128/128 MP: 32/32
 25353 | D:15     | Found a staircase to the Depths.
 25444 | D:15     | Found Buwuen's Distillery.
 25459 | D:15     | Bought a potion of agility for 64 gold pieces
 25795 | D:15     | Bought 2 potions of ambrosia for 256 gold pieces
 25795 | D:15     | Bought a potion of curing for 48 gold pieces
 25795 | D:15     | Bought a potion of heal wounds for 80 gold pieces
 25795 | D:15     | Bought a potion of brilliance for 64 gold pieces
 25795 | D:15     | Bought a potion of heal wounds for 80 gold pieces
 25795 | D:15     | Bought a potion of brilliance for 64 gold pieces
 25795 | D:15     | Bought 2 potions of brilliance for 128 gold pieces
 25795 | D:15     | Bought a potion of heal wounds for 80 gold pieces
 26150 | Orc:2    | Bought a scroll of magic mapping for 42 gold pieces
 26300 | Shoals:1 | Entered Level 1 of the Shoals
 26339 | Shoals:1 | Found Cenwunida's Food Emporium.
 26487 | Shoals:1 | Noticed Frances
 26497 | Shoals:1 | Killed Frances
 26497 | Shoals:1 | Reached skill level 14 in Earth Magic
 27426 | Shoals:2 | Noticed a kraken
 27448 | Shoals:2 | Killed a kraken
 27555 | Shoals:2 | Noticed a kraken
 27610 | Shoals:2 | Killed a kraken
 28110 | Shoals:3 | Reached skill level 15 in Earth Magic
 28112 | Shoals:3 | Noticed Ilsuiw
 28128 | Shoals:3 | Killed Ilsuiw
 28316 | Shoals:3 | Noticed a kraken
 28368 | Shoals:3 | Killed a kraken
 28368 | Shoals:3 | Reached XP level 18. HP: 134/134 MP: 2/35
 28494 | Shoals:3 | Noticed Polyphemus
 28520 | Shoals:3 | Killed Polyphemus
 28528 | Shoals:3 | Reached skill level 16 in Earth Magic
 28746 | Shoals:4 | Entered Level 4 of the Shoals
 28954 | Shoals:4 | Got a barnacled rune of Zot
 29332 | Shoals:4 | Identified the +10 halberd of a bazaar {chop, +Rage Str+3
                  | SInv Stlth+}
 29453 | Shoals:4 | Got a translucent mace
 29678 | Shoals:4 | Reached skill level 17 in Earth Magic
 29740 | Shoals:4 | Identified the Incunabulum of Nocuous Good Luck
 29842 | Shoals:4 | Identified the +10 mace "Ulodeof" {venom, rC+ MR++ Str-4
                  | Dex+4} (You found it on level 4 of the Shoals)
 29859 | Shoals:4 | Reached skill level 15 in Spellcasting
 30043 | Snake:1  | Entered Level 1 of the Snake Pit
 30370 | Snake:1  | Reached skill level 18 in Earth Magic
 30423 | Snake:1  | Reached XP level 19. HP: 140/140 MP: 30/38
 30757 | Snake:1  | Found Epsoi's Jewellery Shoppe.
 31412 | Snake:2  | Got a pair of crude boots
 31423 | Snake:2  | Identified the +1 pair of boots of the Crypt {rElec} (You
                  | found it on level 2 of the Snake Pit)
 31438 | Snake:2  | You fall into a shaft and drop 1 floor!
 31573 | Snake:3  | Found Beaben's Book Emporium.
 31792 | Snake:3  | Found Luigeleh's Jewellery Emporium.
 31794 | Snake:3  | Found Entec's Book Shoppe.
 32946 | Snake:4  | Entered Level 4 of the Snake Pit
 33229 | Snake:4  | Identified Roxanne's Compendium of the Mountains
 33229 | Snake:4  | Noticed Roxanne
 33243 | Snake:4  | Killed Roxanne
 33386 | Snake:4  | Noticed Agnes
 33392 | Snake:4  | Killed Agnes
 33753 | Snake:4  | Reached XP level 20. HP: 123/147 MP: 31/41
 33981 | Snake:4  | Killed from afar by a nagaraja

Levels and vault maps discovered:
D:1:      evilmike_arrival_plus, layout_basic
D:2:      layout_loops_ring, first_ration
D:3:      layout_basic, old_standard_altar
D:4:      layout_rooms, portal_sewer_entry_e
D:5:      layout_loops_ring, gammafunk_ghost_smash
D:6:      layout_rooms
D:7:      cheibrodos_helix_gallery, layout_basic, minmay_temple_entry_tees,
          uniq_menkaure, uniq_duvessa, uniq_pikel
D:8:      layout_rooms, lair_entry_dummy
D:9:      minmay_evil_eye, layout_rooms, erik_orc_4, uniq_maurice, uniq_erica
D:10:     layout_gridville, grunt_livestock, minmay_door_square
D:11:     layout_cave_pools, basic_altar, minmay_diamond_spiral
D:12:     layout_irregular_city, wad_dig_loot, uniq_snorg
D:13:     layout_loops_ring, grunt_vaults_entry_tiered,
          minmay_checkered_concentric_circles
D:14:     layout_rooms, grunt_dithmenos_smoke_and_mirrors
D:15:     gammafunk_enter_depths_forms, layout_long_grid, minmay_hedge_maze,
          serial_shops, shop, skrybe_limestone_x, lightli_wizard_tower
Temple:   minmay_crystal_snake_temple
Lair:1:   layout_concentric_octagons, serial_bayou_shore_a, uniq_grum
Lair:2:   layout_cave_pods, basic_altar, grunt_megastairs_4, lemuel_fruit_tree
Lair:3:   layout_layer_cave, dummy_snake_entry, beast_lair_carwin_10
Lair:4:   layout_hall_layers, minmay_shoals_entry_beasts, portal_ice_cave_rime,
          grunt_megastairs_1
Lair:5:   layout_roguey, slime_altar_1, serial_bayou_shore_b
Lair:6:   due_jungle_book, layout_loops_ring, enter_volcano_2,
          serial_bayou_shore_b, infiniplex_staircase_pool_2
Shoals:1: layout_shoals, serial_shops, shop_coins, uniq_frances
Shoals:2: layout_shoals
Shoals:3: layout_shoals, uniq_ilsuiw, uniq_polyphemus
Shoals:4: shoals_end_grunt_ice, layout_shoals
Snake:1:  layout_cave_pods, serial_shops, shop, drop_trap,
          nicolae_snake_serpentine_hallways
Snake:2:  layout_layer_cave
Snake:3:  layout_honeycomb, minmay_shop_star
Snake:4:  snake_pit, layout_gridlike, uniq_agnes, uniq_roxanne
Orc:1:    layout_diamond_mine, serial_shops, shop, basic_altar, uniq_erolcha
Orc:2:    st_orc_mages, layout_diamond_mine, serial_shops, shop_fountains,
          uniq_urug

Skill      XL: |  1  2  3  4  5  6  7  8  9 10 11 12 13 14 15 16 17 18 19 20 |
---------------+-------------------------------------------------------------+-----
Conjurations   | 1 2 3 4 5 6 |  6.1
Fire Magic     | 3 5 |  5.0
Air Magic      | 2 4 5 |  5.1
Spellcasting   | 7 9 11 13 15 17 | 17.0
Dodging        | 2 4 5 6 8 |  8.0
Fighting       | 1 2 4 6 7 10 | 10.0
Armour         | 1 2 4 6 7 10 | 10.0
Necromancy     | 8 9 10 12 13 | 13.6
Earth Magic    | 7 10 13 15 18 | 18.0
Shields        | 8 14 15 | 15.0
Stealth        | |  2.4
Summonings     | |  1.0
Translocations | |  0.8

Action                   |  1- 3 |  4- 6 |  7- 9 | 10-12 | 13-15 | 16-18 | 19-21 || total
-------------------------+-------+-------+-------+-------+-------+-------+-------++-------
Melee: Dagger            |     3 |     6 |    79 |       |       |       |       ||    88
       Mace              |     3 |       |       |       |       |       |       ||     3
       Spear             |       |    25 |    44 |       |       |       |       ||    69
       Hand axe          |       |       |    99 |   238 |   541 |       |       ||   878
       Flail             |       |       |       |       |   167 |   413 |       ||   580
       Halberd           |       |       |       |       |       |    36 |       ||    36
 Fire: Arbalest          |       |       |       |       |    15 |   148 |   270 ||   433
Throw: Stone             |     3 |     1 |       |       |       |       |       ||     4
 Cast: Magic Dart        |    66 |   107 |   163 |    49 |    39 |       |       ||   424
       Conjure Flame     |       |     6 |    29 |    53 |    56 |    28 |     5 ||   177
       Mephitic Cloud    |       |     1 |    40 |    63 |    14 |    32 |     2 ||   152
       Vampiric Draining |       |       |       |    25 |    23 |       |       ||    48
       Borgnjor's Vile C |       |       |       |    35 |   146 |   222 |   130 ||   533
       Sublimation of Bl |       |       |       |     1 |       |    22 |     1 ||    24
       Dispel Undead     |       |       |       |       |     2 |    12 |       ||    14
       Bolt of Draining  |       |       |       |       |       |    61 |     6 ||    67
       Regeneration      |       |       |       |       |       |    31 |    15 ||    46
Invok: Receive Necronomi |       |       |       |       |     1 |       |       ||     1
       Renounce Religion |       |       |       |       |     1 |       |       ||     1
       Potion Petition   |       |       |       |       |       |     4 |       ||     4
 Abil: Dig               |     3 |     5 |    25 |    23 |    26 |    18 |     4 ||   104
Evoke: Wand              |       |     2 |       |     5 |     1 |       |     1 ||     9
       Phial of floods   |       |       |       |       |       |       |     1 ||     1
  Use: Scroll            |     2 |     4 |     3 |     4 |    17 |    11 |       ||    41
       Potion            |       |       |     1 |       |     7 |     7 |       ||    15
 Stab: Confused          |       |       |     8 |    10 |     5 |    10 |       ||    33
       Sleeping          |       |       |       |     1 |     5 |     2 |       ||     8
       Paralysed         |       |       |       |     5 |       |       |       ||     5
       Distracted        |       |       |       |       |     2 |     3 |       ||     5
  Eat: Chunk             |     2 |     5 |    20 |    26 |    33 |       |       ||    86
       Ration            |       |     1 |     1 |       |    12 |    18 |     4 ||    36
Armor: Robe              |     5 |     4 |    46 |    33 |       |       |       ||    88
       Steam dragon scal |       |       |       |    26 |     7 |       |       ||    33
       Troll leather arm |       |       |       |       |   267 |   124 |    31 ||   422
Dodge: Dodged            |    10 |    17 |   130 |   165 |   472 |   229 |    48 ||  1071
Block: Large shield      |       |       |       |       |   688 |   717 |   154 ||  1559
